 Dungeon Crawl Stone Soup version 0.25-a0-413-g3b4b6a4ccc (webtiles) character file.

Game seed: 13443712965267952132, levelgen mode: deterministic

991 Borgoz the Skirmisher (level 8, -4/51 HPs)
             Began as a Gargoyle Berserker on Jan 15, 2020.
             Was a Priest of Trog.
             Slain by an ogre
             ... wielding a +0 giant club
              (28 damage)
             ... on level 7 of the Dungeon.
             The game lasted 00:04:08 (4447 turns).

Borgoz the Skirmisher (Gargoyle Berserker)          Turns: 4447, Time: 00:04:08

Health: -4/51      AC: 15    Str: 21    XL:     8   Next: 18%
Magic:  8/8        EV: 11    Int:  8    God:    Trog [***...]
Gold:   240        SH:  0    Dex: 11    Spells: 7/7 levels left

rFire    . . .     SeeInvis .   p - +5 flail (drain)
rCold    . . .     Gourm    .   (no shield)
rNeg     + . .     Faith    .   g - +0 scale mail
rPois    ∞         Spirit   .   (no helmet)
rElec    +         Reflect  .   (no cloak)
rCorr    .         Harm     +   (no gloves)
MR       .....                  b - +1 pair of boots
Stlth    ..........             m - amulet of harm
HPRegen  0.17/turn              (no ring)
MPRegen  0.11/turn              (no ring)

@: no status effects
A: negative energy resistance 1, electricity resistance, unbreathing,
petrification resistance, rot immunity, AC +5
a: Berserk, Trog's Hand, Renounce Religion


You were on level 7 of the Dungeon.
You worshipped Trog.
Trog was most pleased with you.
You were not hungry.

You visited 1 branch of the dungeon, and saw 7 of its levels.

You collected 240 gold pieces.

Inventory:

Hand Weapons
 p - a +5 flail of draining (weapon)
Armour
 b - a +1 pair of boots (worn)
 g - a +0 scale mail (worn)
Jewellery
 m - an amulet of harm (around neck)
 o - an uncursed ring of flight
Wands
 q - a wand of polymorph (10)
Scrolls
 a - 2 scrolls of teleportation {unknown}
 e - a scroll of enchant armour
 j - a scroll of fear {unknown}
 k - 3 scrolls of remove curse
 r - a scroll of fog {unknown}
Potions
 d - a potion of flight
 f - 3 potions of curing {unknown}
 h - 3 potions of might {unknown}
 i - a potion of brilliance {unknown}
 l - a potion of resistance
 s - a potion of heal wounds
Comestibles
 c - 7 rations


   Skills:
 + Level 6.0 Fighting
 + Level 5.4 Maces & Flails
 + Level 5.3 Armour
 + Level 4.1 Dodging


You had 7 spell levels left.
You didn't know any spells.
Your spell library was empty.

Dungeon Overview and Level Annotations

Branches:
Dungeon (7/15)             Temple (0/1) D:4

Altars:
Cheibriados
Fedhas
Gozag
Nemelex Xobeh
Qazlal
Vehumet

Shops:
D:4 %


Innate Abilities, Weirdness & Mutations

You are resistant to torment.
Your stone body is resilient. (AC +5)
You are immune to poison.
You resist negative energy. (rN+)
You are resistant to electric shocks. (rElec)
You can survive without breathing.
You are immune to petrification.
You are immune to rotting.


Message History

You hit the hippogriff but do no damage.
You drain the hippogriff.
The hippogriff is severely wounded.
The hippogriff barely misses you. x2; The hippogriff closely misses you.
You hit the hippogriff.
The hippogriff is almost dead.
The hippogriff misses you.
The hippogriff pecks you but does no damage.
The hippogriff barely misses you.
You thump the hippogriff!
You kill the hippogriff!
Trog accepts your kill.
Your Fighting skill increases to level 6!
Your Dodging skill increases to level 4!
You have reached level 8!
You feel stronger.
You completely miss the ogre.
The ogre hits you with a +0 giant club!!
Ouch! That really hurt!
You die...

####### ########.....# #
#......#.....# #
#..###.......#
####.#####.....# ###
.###..# #.#.#.# ..
....#.# #...#.# .#
..#...## ##.##.##.###.#
#..#...##...##..@.....#
##.#.........####O###...
#.#......... .#
#...#####...§ .#
###......... ..
#...#...# .. #.......#
... #...#.#.# ...
#.......#


You could see an ogre.

Vanquished Creatures
  A hippogriff (D:7)
  Edmund (D:4)
  An ogre (D:4)
  A bullfrog (D:6)
  A centaur zombie (D:5)
  2 crimson imps (D:7)
  A quasit (D:6)
  An orc priest (D:4)
  4 hounds
  3 orc wizards (D:4)
  A worker ant (D:6)
  A hound skeleton (D:5)
  A worker ant zombie (D:6)
  4 adders
  A shadow imp (D:6)
  An ooze (D:3)
  2 adder skeletons (D:4)
  2 worms
  2 dart slugs
  5 leopard geckos
  7 orcs (D:4)
  9 giant cockroaches
  6 hobgoblins
  3 jackals (D:4)
  3 quokkas
  6 bats
  4 frilled lizards
  6 goblins
  A jackal skeleton (D:4)
  11 kobolds
  9 rats
101 creatures vanquished.

Notes
Turn   | Place    | Note
-------+----------+-------------------------------------------
     0 | D:1      | Borgoz the Gargoyle Berserker began the quest for the Orb.
     0 | D:1      | Reached XP level 1. HP: 14/14 MP: 1/1
   111 | D:1      | Reached XP level 2. HP: 8/19 MP: 2/2
   547 | D:1      | Reached XP level 3. HP: 22/23 MP: 3/3
   896 | D:2      | Reached ** piety under Trog
  1007 | D:2      | Reached XP level 4. HP: 29/29 MP: 4/4
  1492 | D:3      | Reached skill level 4 in Fighting
  1861 | D:4      | Found a stormy altar of Qazlal.
  1861 | D:4      | Noticed Edmund
  1875 | D:4      | Killed Edmund
  1875 | D:4      | Reached XP level 5. HP: 34/34 MP: 5/5
  1889 | D:4      | Reached XP level 6. HP: 17/39 MP: 6/6
  2090 | D:4      | Reached *** piety under Trog
  2246 | D:4      | Found a blossoming altar of Fedhas.
  2298 | D:4      | Reached skill level 5 in Fighting
  2488 | D:4      | Found Xyoschoeph's Food Shoppe.
  2525 | D:4      | Reached XP level 7. HP: 42/44 MP: 7/7
  2838 | D:4      | Found a staircase to the Ecumenical Temple.
  2947 | D:4      | Found an opulent altar of Gozag.
  3121 | D:4      | Found a sparkling altar of Nemelex Xobeh.
  3220 | D:5      | Entered Level 5 of the Dungeon
  3965 | D:6      | Found a snail-covered altar of Cheibriados.
  4063 | D:6      | Found a radiant altar of Vehumet.
  4075 | D:6      | Reached skill level 5 in Maces & Flails
  4429 | D:7      | Reached skill level 5 in Armour
  4438 | D:7      | Noticed a hippogriff
  4446 | D:7      | Killed a hippogriff
  4446 | D:7      | Reached skill level 6 in Fighting
  4446 | D:7      | Reached XP level 8. HP: 23/51 MP: 8/8
  4447 | D:7      | Slain by an ogre

Levels and vault maps discovered:
D:1:      psy_arrival_terrarium, layout_rooms, minmay_distorted
D:2:      layout_basic
D:3:      layout_basic
D:4:      layout_basic, lemuel_crystal_altar, lemuel_round_altar,
          grunt_gozag_breadcrumbs, nicolae_overflow_crystal_walls,
          minmay_temple_entry_grid, first_ration, serial_shops, shop,
          serial_bayou_pond_a, uniq_edmund
D:5:      layout_gridville
D:6:      layout_loops_cross, basic_altar, minmay_misc_feat_secret_circle,
          cheibriados_altar_1
D:7:      layout_rooms, basic_altar, hangedman_decor_lopped

Skill      XL: |  1  2  3  4  5  6  7 |
---------------+----------------------+-----
Dodging        | 2 3 4 |  4.1
Armour         | 3 4 5 |  5.3
Fighting       | 4 5 6 |  6.0
Maces & Flails | 4 5 |  5.4

Action                   |  1- 3 |  4- 6 |  7- 9 || total
-------------------------+-------+-------+-------++-------
Melee: Mace              |   129 |   102 |       ||   231
       Flail             |       |    26 |    76 ||   102
Invok: Berserk           |       |     1 |       ||     1
  Use: Scroll            |       |     4 |     1 ||     5
       Potion            |       |     1 |       ||     1
  Eat: Chunk             |     1 |     5 |     3 ||     9
       Ration            |       |       |     1 ||     1
Armor: Animal skin       |     6 |       |       ||     6
       Scale mail        |    73 |   101 |    40 ||   214
Dodge: Dodged            |    91 |   106 |    48 ||   245

Table legend:
 A = Non-vault XP
 B = Vault XP
 C = Vault XP percentage of total XP
 D = Non-vault monster count
 E = Vault monster count
 F = Vault count percentage of total count
                 A         B        C        D         E       F
            +---------+---------+-------+---------+---------+-------
      Total |    1246 |     170 |  12.0 |      97 |       4 |   4.0
            +---------+---------+-------+---------+---------+-------
        D:1 |      29 |       6 |  17.1 |      18 |       3 |  14.3
        D:2 |      53 |       0 |   0.0 |      22 |       0 |   0.0
        D:3 |      53 |       0 |   0.0 |      15 |       0 |   0.0
        D:4 |     446 |     164 |  26.9 |      26 |       1 |   3.7
        D:5 |     120 |       0 |   0.0 |       6 |       0 |   0.0
        D:6 |     210 |       0 |   0.0 |       7 |       0 |   0.0
        D:7 |     335 |       0 |   0.0 |       3 |       0 |   0.0
            +---------+---------+-------+---------+---------+-------
